 Dungeon Crawl Stone Soup version 0.19.1-1-g22dce08 (webtiles) character file.

106 Lennu the Chopper (level 4, 0/57 HPs)
             Began as a Hill Orc Gladiator on Jan 5, 2017.
             Succumbed to cuckmaster's ghost's sting
             ... on level 3 of the Dungeon.
             The game lasted 00:08:46 (2417 turns).

Lennu the Chopper (Hill Orc Gladiator)              Turns: 2417, Time: 00:08:47

Health: 0/57       AC: 22    Str: 22    XL:     4   Next: 84%
Magic:  4/4        EV:  2    Int: 13    God:
Gold:   120        SH:  5    Dex: 12    Spells: 0 memorised, 3 levels left

rFire  . . .     SeeInvis .     a - +0 war axe
rCold  . . .     Gourm    .     (armour currently unavailable)
rNeg   + + +     Faith    .     (no shield)
rPois  +         Spirit   .     (helmet currently unavailable)
rElec  .         Reflect  +     (cloak currently unavailable)
rCorr  .         Harm     .     (gloves currently unavailable)
MR     .....     Clarity  +     (boots currently unavailable)
Stlth  +......... NoTele   +    h - +5 amulet of reflection
                                (no ring)
                                (no ring)

@: mighty, brilliant, lethally poisoned (0 -> -34), tree-form
A: blink, clarity, evolution 1
a: Blink


You were on level 3 of the Dungeon.
You were not hungry.
You were a tree.
You visited 1 branch of the dungeon, and saw 3 of its levels.

You collected 120 gold pieces.

Inventory:

Hand Weapons
 a - a +0 war axe (weapon)
Missiles
 b - 3 javelins
 d - 3 throwing nets (quivered)
Armour
 c - a +0 helmet (melded)
 n - a +2 pair of boots (melded)
 t - a +0 ring mail (melded)
Jewellery
 h - a +5 amulet of reflection (around neck)
Scrolls
 e - 3 scrolls of remove curse
 j - a scroll of identify {unknown}
 l - 2 scrolls of enchant armour {unknown}
 m - a scroll of noise {unknown}
 o - 2 scrolls of teleportation {unknown}
Potions
 s - a potion of cancellation {unknown}
Comestibles
 f - 3 bread rations
 g - 4 chunks of flesh
 k - 2 meat rations


   Skills:
 * Level 3.3 Fighting
 * Level 5.9 Axes
 + Level 1.8 Throwing
 * Level 1.2 Armour
 * Level 2.7 Dodging


You had 3 spell levels left.
You didn't know any spells.

Dungeon Overview and Level Annotations

Branches:
Dungeon (3/15)

Altars:

Annotations:
D:3 cuckmaster's ghost, amateur OpVM


Innate Abilities, Weirdness & Mutations

You can translocate small distances at will.
You possess an exceptional clarity of mind.
You evolve.


Message History

Cuckmaster's ghost stares at you and mumbles some strange words.
The sting hits you!
You are more poisoned.
It was a potion of lignification.
You turn into a tree.
Your +0 helmet melds into your body.
Your +2 pair of boots melds into your body.
Your +0 ring mail melds into your body.
Your roots penetrate the ground.
* * * LOW HITPOINT WARNING * * *
You feel very sick. Cuckmaster's ghost hits you.
* * * LOW HITPOINT WARNING * * *
It was a potion of brilliance.
You feel clever all of a sudden.
* * * LOW HITPOINT WARNING * * *
You feel very sick.
Cuckmaster's ghost casts a spell at you.
Helpless, you fail to dodge the sting. You resist.
It was a potion of might.
You feel very mighty all of a sudden.
You die...

#############.##..#.##
...##................#
.#.##.#######.#.#.#.##
...##.# #.#.#...#
...##)# #.#.##..#
...##.# #####.#....>#
...##.###[....#.#####
........'.....#W######
..###.###....##.♣....#
..# #.# #....##......+
..# #.# #....##......#
'## #.# #....##......#
.# #.# #....##......#
.# #.# #....##......#
.# ##)#########......#
.# #......# ########
.# #......#


You could see cuckmaster's ghost.

Vanquished Creatures
  2 adders (D:1)
  2 oozes
  2 dart slugs (D:1)
  A leopard gecko (D:2)
  A ball python (D:1)
  7 giant cockroaches
  5 goblins
  11 hobgoblins
  16 jackals
  3 bats
  4 frilled lizards
  4 kobolds
  9 rats
67 creatures vanquished.

Notes
Turn   | Place    | Note
-------+----------+-------------------------------------------
     0 | D:1      | Lennu the Hill Orc Gladiator began the quest for the Orb.
     0 | D:1      | Reached XP level 1. HP: 18/18 MP: 1/1
   275 | D:1      | Reached XP level 2. HP: 23/25 MP: 2/2
   599 | D:1      | Reached XP level 3. HP: 28/30 MP: 3/3
   906 | D:1      | Reached skill level 5 in Axes
   906 | D:1      | Reached skill level 1 in Armour
  1319 | D:1      | Reached XP level 4. HP: 18/38 MP: 4/4
  2396 | D:3      | Noticed cuckmaster's ghost (amateur OpVM)
  2414 | D:3      | Gained mutation: You possess an exceptional clarity of mind. [potion of mutation]
  2414 | D:3      | Gained mutation: You evolve. [potion of mutation]
  2414 | D:3      | Gained mutation: You can translocate small distances at will. [potion of mutation]
  2417 | D:3      | Succumbed to cuckmaster's ghost's sting

Skill      XL: |  1  2  3 |
---------------+----------+-----
Fighting       | 3 |  3.3
Axes           | 5 |  5.9
Armour         | 1 |  1.2
Throwing       | |  1.8
Dodging        | |  2.7

Action                   |  1- 3 |  4- 6 || total
-------------------------+-------+-------++-------
Melee: War axe           |    97 |    75 ||   172
  Use: Potion            |       |     4 ||     4
       Scroll            |       |     1 ||     1
  Eat: Chunk             |     1 |     4 ||     5
Armor: Leather armour    |    35 |    11 ||    46
       Chain mail        |       |    22 ||    22
       Ring mail         |       |    17 ||    17
       Skin              |       |     1 ||     1
Dodge: Dodged            |    72 |    57 ||   129
Block: Other             |    10 |    16 ||    26
